 Dungeon Crawl Stone Soup version 0.31.0-11-ge490571c62 (webtiles) character file.

Game seed: 12987168686148653324

5289 KKCryptic the Covert (level 10, -2/44 HPs)
             Began as a Spriggan Enchanter on Feb 8, 2024.
             Was a Believer of Sif Muna.
             Slain by a yak (12 damage)
             ... on level 8 of the Dungeon on Feb 9, 2024.
             The game lasted 00:48:10 (9400 turns).

KKCryptic the Covert (Spriggan Enchanter)           Turns: 9400, Time: 00:48:10

Health: -2/44      AC:  6    Str:  4    XL:     10   Next: 37%
Magic:  22/24      EV: 20    Int: 22    God:    Sif Muna [**....]
Gold:   311        SH:  0    Dex: 15    Spells: 17/28 levels left

rFire   . . .        u - +3 short sword (elec)
rCold   . . .        z - orb {*channel}
rNeg    . . .        I - +2 robe {Will+}
rPois   .            (helmet restricted)
rElec   .            m - +1 cloak
rCorr   .            (gloves unavailable)
SInv    +            (boots unavailable)
Will    ++...        (no amulet)
Stlth   +++++        o - ring of wizardry
HPRegen 0.27/turn    (no ring)
MPRegen 0.19/turn

%: wizardry (x1), channel magic (20%)
@: very quick
A: very small, no large weapons, unfitting armour, see invisible, speed 3
a: Renounce Religion, Channel Magic


You were on level 8 of the Dungeon.
You worshipped Sif Muna.
Sif Muna was pleased with you.
You visited 2 branches of the dungeon, and saw 10 of its levels.
You also visited: Sewer.

You collected 388 gold pieces.
You spent 77 gold pieces at shops.

Inventory:

Hand Weapons
 a - a +2 dagger
 u - a +3 short sword of electrocution (weapon)
 y - a +2 sling of freezing
 G - a +3 dagger of chaos
Missiles
 A - 4 throwing nets (quivered)
Armour
 m - a +1 cloak (worn)
 t - a +2 robe of positive energy
 z - an orb of energy (worn)
 H - a +1 robe of cold resistance
 I - a +2 robe of willpower (worn)
Jewellery
 o - a ring of wizardry (left hand)
 D - a ring of fire
Wands
 i - a wand of polymorph (7)
 r - a wand of iceblast (12)
 B - a wand of light (12)
 F - a wand of mindburst (10)
Scrolls
 b - a scroll of immolation
 d - 2 scrolls of enchant weapon
 f - 3 scrolls of amnesia
 l - 4 scrolls of teleportation
 p - 2 scrolls of fog
 v - a scroll of enchant armour
 w - 2 scrolls of torment
 C - 2 scrolls of identify
 E - a scroll of poison
Potions
 c - 4 potions of invisibility
 e - a potion of attraction
 g - 3 potions of lignification
 h - 2 potions of curing
 j - 4 potions of brilliance
 k - 3 potions of heal wounds
 n - 3 potions of ambrosia
 q - a potion of mutation
 s - 3 potions of haste
 x - a potion of might


   Skills:
 + Level 7.7 Short Blades
 - Level 7.0 Dodging
 + Level 12.0 Stealth
 + Level 9.5 Spellcasting
 - Level 8.4 Hexes
 + Level 2.5 Invocations
 + Level 3.4 Evocations


You had 17 spell levels left.
You knew the following spells:

 Your Spells              Type           Power      Damage    Failure   Level
a - Confusing Touch       Hex            47%        N/A       1%          3
d - Dazzling Flash        Conj/Hex       58%        N/A       4%          3
s - Tukima's Dance        Hex            47%        N/A       1%          3
z - Ensorcelled Hibernat  Hex/Ice        58%        N/A       2%          2

Your spell library contained the following spells:

 Spells                   Type           Power      Damage    Failure   Level
 Necrotise                Necr           40%        1d6       7%          1
 Vampiric Draining        Necr           10%        2d6       16%         3
 Martyr's Knell           Necr/Summ      10%        N/A       41%         4
 Vhi's Electric Charge    Tloc/Air       20%        N/A       41%         4
 Arcjolt                  Conj/Air       5%         1d15      71%         5
 Curse of Agony           Necr           10%        N/A       71%         5
 Plasma Beam              Fire/Air       5%         2x1d15    99%         6


Dungeon Overview and Level Annotations

Branches:
Dungeon (9/15)             Temple (1/1) D:5           Sewer (visited)
   Lair: D:8-11         Orc: D:9-12

Altars:
Ashenzari
Cheibriados
Dithmenos
Elyvilon
Fedhas
Gozag
Hepliaklqana
Kikubaaqudgha
Makhleb
Nemelex Xobeh
Okawaru
Qazlal
Ru
Sif Muna
Trog
Uskayaw
Vehumet
Wu Jian
Xom
Yredelemnul
Zin
The Shining One

Shops:
D:7 *?=:


Innate Abilities, Weirdness & Mutations

You are very small and have problems with some larger weapons.
You are too small for most types of armour.
You have supernaturally acute eyesight. (SInv)
You cover ground extremely quickly. (Speed+++)


Message History

HP restored.
The water moccasin completely misses you.
The water moccasin closely misses you. The yak gores you!
You climb upwards.
There is a stone staircase leading down here.
Casting: Confusing Touch (safe; 1% risk of failure)
Confirm with . or Enter, or press ? or * to list all spells.
Aiming: Ensorcelled Hibernation (safe; 2% risk of failure)
Press: ? - help, Shift-Dir - straight line, f - water moccasin
Aim: a water moccasin (chance to affect: 59%)
The water moccasin resists with significant effort.
Magical energy flows into your mind! The water moccasin bites you.
You are poisoned.
The water moccasin poisons you! The yak barely misses you.
Casting: Ensorcelled Hibernation (safe; 2% risk of failure)
Confirm with . or Enter, or press ? or * to list all spells.
Your hands begin to glow red.
Magical energy flows into your mind!
You feel very sick. The water moccasin closely misses you. The yak misses you.
The water moccasin closely misses you.
Casting: Confusing Touch (safe; 1% risk of failure)
Confirm with . or Enter, or press ? or * to list all spells.
Okay, then.
You hit the water moccasin but do no damage.
The water moccasin appears confused.
You feel sick.
You catch the helpless water moccasin completely off-guard!
You impale the water moccasin!!
You kill the water moccasin!
Sif Muna accepts your kill.
You feel sick. The yak gores you!
Casting: Confusing Touch (safe; 1% risk of failure)
Confirm with . or Enter, or press ? or * to list all spells.
Aiming: Ensorcelled Hibernation (safe; 2% risk of failure)
Press: ? - help, Shift-Dir - straight line, f - yak
Aim: a yak (chance to affect: 59%)
The yak resists with significant effort.
You feel sick. The yak gores you!
* * * LOW HITPOINT WARNING * * *
You feel better. The yak gores you!
You die...

##.##.##..#..#.# #............#
.#.##..........# ####.....###.#
.#.#####.###.##### ##........#
.#.#####.#.......# #..<######
.........#.#.###.# #)).######
########.)....##.####
#...#.....
#.....†#.#........####..)#.####
#......#.##.##†......÷...[.....
#........##.##@................
#....†.#.....)Y†...............
#......####.#####.###....#.##.#
######.....†#####.# #....#.....
### ######.......# #....#.##..
..#### #.####### #....#.####
#....########.# ##....#.####
#.##)).....##.# #...........
#.##.#####.##.# #.#...######


You could see a yak.

Vanquished Creatures
  Erica (D:8)
  Jeremiah (D:6)
  Psyche (D:8)
  Grinder (D:5)
  Eustachio (D:5)
  Duvessa (D:7)
  A water moccasin (D:8)
  2 ice beasts
  3 black bears
  2 sky beasts
  An orc warrior (D:7)
  An ogre (D:6)
  2 centaurs
  3 kobold brigands
  2 phantoms
  Blork the orc (D:5)
  3 bullfrogs
  A wyvern zombie (D:7)
  2 gnoll sergeants
  2 scorpions
  8 wights (D:7)
  Dowan (D:7)
  5 killer bees (D:8)
  2 howler monkeys (D:5)
  3 centaur zombies (D:7)
  A bullfrog zombie (D:7)
  A bombardier beetle (D:5)
  2 hounds
  A gnoll bouda (D:8)
  An orc priest (D:3)
  3 iguanas
  3 sleepcaps
  3 orc wizards
  5 killer bee zombies (D:7)
  Robin (D:2)
  2 howler monkey zombies (D:7)
  14 adders
  10 gnolls
  A river rat (Sewer)
  2 shadow imps (D:6)
  A white imp (D:8)
  3 dart slugs
  5 ribbon worms
  11 orcs
  11 endoplasms
  3 giant cockroaches (D:4)
  15 goblins
  10 hobgoblins
  5 jackals
  5 quokkas
  10 ball pythons
  5 bats
  2 frilled lizards
  11 kobolds
  5 rats
203 creatures vanquished.

Vanquished Creatures (collateral kills)
  2 wights (D:7)
  3 gnolls
  3 orcs
  2 kobolds (Sewer)
  A rat (Sewer)
11 creatures vanquished.

Vanquished Creatures (others)
  9 dancing weapons
  A sky beast (D:5)
  An ogre (D:3)
  An orc priest (D:3)
  An orc (D:3)
  A hobgoblin (D:3)
  A quokka (D:3)
  A ball python (D:3)
16 creatures vanquished.

Grand Total: 230 creatures vanquished

Notes
Turn   | Place    | Note
-------+----------+-------------------------------------------
     0 | D:1      | KKCryptic the Spriggan Enchanter began the quest for the
                  | Orb.
     0 | D:1      | Reached XP level 1. HP: 9/9 MP: 5/5
   193 | D:1      | Reached XP level 2. HP: 13/13 MP: 6/6
   196 | D:1      | Learned a level 2 spell: Ensorcelled Hibernation
   824 | D:2      | Found a shimmering altar of Xom.
   836 | D:2      | Reached XP level 3. HP: 16/16 MP: 4/8
   996 | D:2      | Noticed Robin
  1019 | D:2      | Killed Robin
  1020 | D:2      | Reached skill level 5 in Stealth
  1418 | D:2      | Reached XP level 4. HP: 21/21 MP: 0/9
  1575 | D:2      | Learned a level 3 spell: Confusing Touch
  1579 | D:2      | Learned a level 3 spell: Tukima's Dance
  2140 | D:2      | Reached skill level 5 in Hexes
  2584 | D:3      | Reached XP level 5. HP: 24/24 MP: 10/10
  2608 | D:3      | Killed an ogre
  2645 | D:3      | Found a shimmering altar of Xom.
  3038 | D:3      | You fall into a shaft and drop 3 floors!
  3043 | D:6      | Found a sacrificial altar of Ru.
  3067 | D:6      | Noticed an ice beast
  3089 | D:6      | Noticed an ogre
  3098 | D:6      | Killed an ogre
  3099 | D:6      | Reached skill level 6 in Stealth
  3099 | D:6      | Reached XP level 6. HP: 28/28 MP: 11/11
  3127 | D:5      | Entered Level 5 of the Dungeon
  3447 | D:5      | Noticed Eustachio
  3452 | D:5      | Reached skill level 5 in Short Blades
  3452 | D:5      | Reached XP level 7. HP: 32/32 MP: 9/12
  3483 | D:4      | Found a glowing drain.
  3517 | Sewer    | Entered a sewer
  3556 | Sewer    | Reached skill level 7 in Stealth
  4069 | D:4      | Found a white marble altar of Elyvilon.
  4079 | D:4      | Became a worshipper of Elyvilon the Healer
  5450 | D:5      | Learned a level 3 spell: Dazzling Flash
  5453 | D:5      | Reached XP level 8. HP: 16/36 MP: 9/13
  5536 | D:5      | Noticed Blork the orc
  5538 | D:5      | Reached * piety under Elyvilon
  5543 | D:5      | Killed Blork the orc
  5547 | D:5      | Reached skill level 8 in Stealth
  5567 | D:5      | Noticed Grinder
  5602 | D:5      | Paralysed by Grinder for 3 turns
  6083 | D:5      | Killed Grinder
  6100 | D:5      | Killed Eustachio
  6176 | D:5      | Found a staircase to the Ecumenical Temple.
  6185 | Temple   | Entered the Ecumenical Temple
  6195 | Temple   | Fell from the grace of Elyvilon
  6195 | Temple   | Became a worshipper of Sif Muna the Loreminder
  6282 | D:6      | Noticed Jeremiah
  6299 | D:6      | Killed Jeremiah
  6300 | D:6      | Reached skill level 9 in Stealth
  6300 | D:6      | Reached skill level 5 in Spellcasting
  6765 | D:6      | Reached XP level 9. HP: 32/39 MP: 10/18
  6869 | D:6      | Found a burning altar of Makhleb.
  6876 | D:6      | Found an ancient bone altar of Kikubaaqudgha.
  6876 | D:6      | Found a glowing silver altar of Zin.
  6876 | D:6      | Found a glowing golden altar of the Shining One.
  6877 | D:6      | Found a broken altar of Ashenzari.
  6955 | D:7      | Noticed Duvessa
  6956 | D:7      | Noticed Dowan
  6961 | D:7      | Killed Duvessa
  6982 | D:7      | Killed Dowan
  6983 | D:7      | Reached skill level 5 in Dodging
  7065 | D:7      | Reached skill level 10 in Stealth
  7066 | D:7      | Found Xusid's Book Shop.
  7140 | D:7      | Reached * piety under Sif Muna
  7558 | D:7      | Reached skill level 11 in Stealth
  7702 | D:7      | Found Cuca's Jewellery Shop.
  7814 | D:7      | Found Higupp's Magic Scroll Shoppe.
  7817 | D:7      | Bought a scroll of fog for 44 gold pieces
  7817 | D:7      | Bought a scroll of teleportation for 33 gold pieces
  7865 | D:7      | Found Setzeur's General Store.
  8078 | D:8      | Noticed Psyche
  8123 | D:8      | Found a sparkling altar of Nemelex Xobeh.
  8163 | D:8      | Reached skill level 1 in Evocations
  8513 | D:8      | Reached XP level 10. HP: 44/44 MP: 24/24
  8515 | D:8      | Reached ** piety under Sif Muna
  8516 | D:8      | Reached skill level 1 in Invocations
  8582 | D:8      | Noticed Erica
  8584 | D:8      | Found an iron altar of Okawaru.
  8604 | D:8      | Killed Erica
  8997 | D:8      | Killed Psyche
  9110 | D:8      | Reached skill level 12 in Stealth
  9159 | D:8      | Found a blossoming altar of Fedhas.
  9400 | D:8      | Slain by a yak

Illustrated notes

Levels and vault maps discovered:
D:1:      spicycebolla_arrival_clurvy, layout_loops_ring
D:2:      layout_basic, basic_altar, serial_rivers,
          chequers_serial_rivers_micro_b, chequers_serial_rivers_small_b,
          chequers_serial_rivers_marsh, chequers_serial_rivers_micro_d,
          chequers_serial_rivers_small_3, chequers_serial_rivers_micro_d,
          minmay_pentomino_s2, uniq_robin
D:3:      layout_loops_ring, xom_confusion_cloud
D:4:      layout_basic, elyvilon_altar_4, gup_sewer_entry_glass
D:5:      layout_basic, lemuel_temple_firewalk_a, uniq_grinder,
          uniq_blork_the_orc, uniq_eustachio
D:6:      layout_basic, nicolae_ru_the_path_less_chosen, minitemple,
          amethyst_killhole, moated_statue, roderic_lattice_a, uniq_jeremiah
D:7:      layout_loops_ring, serial_shops, shop, shop, shop,
          nicolae_shop_rolled_up, serial_undead, serial_undead_d,
          serial_undead_c, serial_undead_c, serial_undead_d, serial_undead_e,
          serial_undead_c, serial_undead_a, serial_undead_c, serial_undead_c,
          serial_undead_a, uniq_duvessa
D:8:      layout_loops_cross, mainiacjoe_overflow_swirl, old_standard_altar,
          uniq_psyche, uniq_erica
D:9:      layout_big_octagon, serial_gnoll_camp, gnoll_camp_huts_moat,
          gnoll_camp_mini_shop, gnoll_camp_medium_01, gnoll_camp_mini_loothouse
Temple:   nicolae_temple_bog_church

Skill      XL: |  1  2  3  4  5  6  7  8  9 10 |
---------------+-------------------------------+-----
Hexes          | 4 5 6 7 8 |  8.4
Short Blades   | 2 3 4 5 6 7 |  7.7
Stealth        | 5 6 7 9 11 12 | 12.0
Dodging        | 4 7 |  7.0
Spellcasting   | 5 9 |  9.5
Evocations     | 1 3 |  3.4
Invocations    | 2 |  2.5

Action                     |  1- 3 |  4- 6 |  7- 9 | 10-12 || total
---------------------------+-------+-------+-------+-------++-------
  Melee: Dagger            |    96 |    72 |    64 |       ||   232
         Punch             |     1 |     1 |     1 |       ||     3
         Short sword       |       |       |   305 |    46 ||   351
   Cast: Ensorcelled Hiber |    25 |    30 |    25 |     9 ||    89
         Tukima's Dance    |       |     5 |    31 |     8 ||    44
         Confusing Touch   |       |     3 |    30 |     5 ||    38
         Dazzling Flash    |       |       |     3 |     1 ||     4
    Use: Scroll            |     1 |     6 |    15 |       ||    22
         Potion            |       |       |     2 |     1 ||     3
   Stab: Sleeping          |    24 |    25 |    38 |    10 ||    97
         Distracted        |     1 |       |     3 |     1 ||     5
         Confused          |       |     1 |    20 |     4 ||    25
         Invisible         |       |       |     1 |       ||     1
 Armour: Robe              |    17 |    26 |   100 |    12 ||   155
  Dodge: Dodged            |    67 |    64 |   272 |    43 ||   446
